 Dungeon Crawl Stone Soup version 0.31-a0-981-geadf994542 (webtiles) character file.

Game seed: 3735806382999173340

367 CoinPitGoblin the Skirmisher (level 7, 0/41 HPs)
             Began as a Kobold Hunter on Oct 31, 2023.
             Was a Follower of Dithmenos.
             Slain by a gnoll
             ... wielding a +0 halberd
             ... led by a gnoll bouda
              (8 damage)
             ... on level 5 of the Dungeon.
             The game lasted 00:05:32 (4036 turns).

CoinPitGoblin the Skirmisher (Kobold Hunter)        Turns: 4036, Time: 00:05:32

Health: 0/41       AC:  3    Str:  9    XL:     7   Next: 1%
Magic:  7/7        EV: 15    Int: 10    God:    Dithmenos [*.....]
Gold:   244        SH:  0    Dex: 20    Spells: 6/6 levels left

rFire   . . .        a - +0 shortbow
rCold   . . .        (shield currently unavailable)
rNeg    . . .        c - +0 leather armour
rPois   .            (no helmet)
rElec   .            (no cloak)
rCorr   .            (no gloves)
SInv    .            (no boots)
Will    .....        l - amulet of regeneration
Stlth   ++++         (no ring)
HPRegen 1.06/turn    (no ring)
MPRegen 0.10/turn

%: no passive effects
@: wreathed by umbra
A: small, no large weapons, nightstalker 3
a: Renounce Religion


You were on level 5 of the Dungeon.
You worshipped Dithmenos.
Dithmenos was aware of your devotion.
You visited 1 branch of the dungeon, and saw 5 of its levels.

You collected 244 gold pieces.

Inventory:

Hand Weapons
 a - a +0 shortbow (weapon)
 b - a +1 spear of flaming
 q - a +1 mace of protection
Armour
 c - a +0 leather armour (worn)
Jewellery
 g - an amulet of reflection
 l - an amulet of regeneration (around neck)
Talismans
 p - a maw talisman
Scrolls
 f - a scroll of butterflies
 i - 2 scrolls of teleportation {unknown}
 m - 2 scrolls of vulnerability {unknown}
 n - a scroll of identify
 r - a scroll of brand weapon {unknown}
 s - a scroll of poison {unknown}
 t - a scroll of fear
Potions
 d - a potion of enlightenment {unknown}
 e - 3 potions of brilliance
 h - 2 potions of degeneration {unknown}
 j - a potion of magic {unknown}
 k - 2 potions of curing {unknown}
 o - a potion of berserk rage {unknown}


   Skills:
 + Level 3.4 Fighting
 + Level 9.2 Ranged Weapons
 + Level 3.1 Dodging
 + Level 2.3 Stealth


You had 6 spell levels left.
You didn't know any spells.
Your spell library contained the following spells:

 Spells                   Type           Power      Damage    Failure   Level
 Necrotise                Necr           0%         1d4       47%         1
 Sandblast                Erth           0%         2d4       47%         1
 Passwall                 Tmut/Erth      0%         N/A       63%         2
 Wereblood                Tmut           0%         N/A       63%         2
 Dazzling Flash           Conj/Hex       0%         N/A       85%         3
 Stone Arrow              Conj/Erth      0%         3d7       85%         3
 Vampiric Draining        Necr           0%         2d6       85%         3
 Brom's Barrelling Bould  Conj/Erth      0%         2d3       99%         4
 Agony                    Necr           0%         N/A       100%        5
 Irradiate                Conj/Tmut      0%         3d11      100%        5
 Silence                  Hex/Air        0%         N/A       100%        5


Dungeon Overview and Level Annotations

Branches:
Dungeon (5/15)
 Temple: D:4-7

Altars:
Ashenzari
Cheibriados
Dithmenos
Fedhas
Makhleb
Okawaru
Qazlal
Ru
Trog
Wu Jian
Yredelemnul

Shops:
D:4 *


Innate Abilities, Weirdness & Mutations

You are small and have problems with some larger weapons.
You are completely attuned to the shadows.


Message History

The gnoll closely misses you.
Unknown command.
Fire: a) +0 shortbow
Press: ? - help, Shift-Dir - straight line, f/p - gnoll
Aim: a gnoll, wielding a +0 halberd (almost dead, covering ground quickly, 70% to hit)
You shoot an arrow. The arrow closely misses the gnoll.
The arrow hits the gnoll.
The gnoll is moderately wounded.
The gnoll is no longer moving quickly.
The gnoll closely misses you.
Unknown command.
Fire: a) +0 shortbow
Press: ? - help, Shift-Dir - straight line, f/p - gnoll
Aim: a gnoll, wielding a +0 halberd (almost dead, 70% to hit)
You shoot an arrow. The arrow closely misses the gnoll.
The arrow hits the gnoll but does no damage.
The gnoll is moderately wounded.
A gnoll comes into view. It is wielding a +0 whip.
The gnoll hits you from afar with a +0 halberd!
* * * LOW HITPOINT WARNING * * *
Unknown command.
Fire: a) +0 shortbow
Press: ? - help, Shift-Dir - straight line, f/p - gnoll
Aim: a gnoll, wielding a +0 halberd (almost dead, 70% to hit)
You shoot an arrow.
The arrow hits the gnoll but does no damage.
The gnoll is almost dead.
The gnoll closely misses you. The gnoll misses you.
Unknown command.
Fire: a) +0 shortbow
Press: ? - help, Shift-Dir - straight line, f/p - gnoll
Aim: a gnoll, wielding a +0 halberd (almost dead, 70% to hit)
Okay, then.
Fire: a) +0 shortbow
Press: ? - help, Shift-Dir - straight line, f/p - gnoll
Aim: a gnoll, wielding a +0 halberd (almost dead, 70% to hit)
You shoot an arrow. The arrow hits the gnoll.
You kill the gnoll!
Dithmenos accepts your kill.
The gnoll hits you from afar with a +0 halberd!
You die...

#....# ##....####.#
###### #....# #.#
#....# #.# ######
#....# #.# #....#
#....# #.# #....#
#....# #.#
#.##....############.#
#..#...g.)...........#
......g.@...........#
####
#####..............#
...
#...#.##############
#.# #.#.#.# #....#
.###.###.#.#.# #....#
....)....#...#
.###.#########
.###.)##. ..........


You could see 2 gnolls.

Vanquished Creatures
  A howler monkey (D:5)
  An orc priest (D:5)
  2 hounds (D:5)
  A jelly (D:5)
  A gnoll bouda (D:5)
  An orc wizard (D:5)
  5 gnolls
  4 adders
  2 dart slugs (D:2)
  12 orcs
  3 ball pythons
  6 bats
  5 endoplasms
  7 goblins
  4 hobgoblins
  8 jackals
  A quokka (D:1)
  4 frilled lizards
  2 kobolds (D:4)
  3 rats
73 creatures vanquished.

Notes
Turn   | Place    | Note
-------+----------+-------------------------------------------
     0 | D:1      | CoinPitGoblin the Kobold Hunter began the quest for the
                  | Orb.
     0 | D:1      | Reached XP level 1. HP: 12/12 MP: 1/1
   170 | D:1      | Reached XP level 2. HP: 13/17 MP: 2/2
   239 | D:1      | Reached skill level 6 in Ranged Weapons
  1011 | D:2      | Reached XP level 3. HP: 21/21 MP: 3/3
  1414 | D:2      | Reached XP level 4. HP: 27/27 MP: 4/4
  1678 | D:2      | Reached skill level 7 in Ranged Weapons
  1828 | D:2      | Found a faded altar of an unknown god.
  2234 | D:3      | Found a shadowy altar of Dithmenos.
  2280 | D:3      | Became a worshipper of Dithmenos the Shadowed
  2526 | D:3      | Found a basalt altar of Yredelemnul.
  2526 | D:3      | Found a blossoming altar of Fedhas.
  2529 | D:3      | Found a snail-covered altar of Cheibriados.
  2531 | D:3      | Found a stormy altar of Qazlal.
  2533 | D:3      | Found a burning altar of Makhleb.
  2533 | D:3      | Found a broken altar of Ashenzari.
  2533 | D:3      | Found an iron altar of Okawaru.
  2533 | D:3      | Found a sacrificial altar of Ru.
  2534 | D:3      | Found an ornate altar of the Wu Jian Council.
  2535 | D:3      | Found a bloodstained altar of Trog.
  2562 | D:3      | Reached XP level 5. HP: 24/31 MP: 5/5
  3241 | D:4      | Found Feb Soso's Elemental Accessories.
  3712 | D:5      | Entered Level 5 of the Dungeon
  3797 | D:5      | Reached skill level 8 in Ranged Weapons
  3797 | D:5      | Reached XP level 6. HP: 37/37 MP: 6/6
  3865 | D:5      | Reached * piety under Dithmenos
  3986 | D:5      | Reached skill level 9 in Ranged Weapons
  4030 | D:5      | Reached XP level 7. HP: 21/41 MP: 7/7
  4036 | D:5      | Slain by a gnoll

Illustrated notes

Levels and vault maps discovered:
D:1:      grunt_arrival_crossed_arrows, layout_basic, due_unseen_surprise
D:2:      kennysheep_big_flooded_room, layout_loops_corners,
          chequers_ecumenical_altar_simple
D:3:      layout_loops_cross, grunt_dithmenos_smoke_and_mirrors, minitemple
D:4:      layout_basic, nicolae_elemental_shop
D:5:      cheibrodos_two_vegetables, layout_loops_ring, serial_co_window_serial,
          co_window_corner_a, co_window_cross_1, co_window_of_opportunity_a,
          co_window_paths_b, co_window_corner_a, co_window_corner_b,
          co_window_broadway_c, co_window_cross_4, co_window_corner_ca,
          co_window_unsneaky_path_e, co_window_paths_e, glass_columns_a,
          glass_columns_b, glass_columns_c, glass_columns_c, uniq_pikel,
          uniq_menkaure

Skill      XL: |  1  2  3  4  5  6 |
---------------+-------------------+-----
Ranged Weapons | 6 7 8 9 |  9.2
Stealth        | 2 |  2.3
Fighting       | 3 |  3.4
Dodging        | 3 |  3.1

Action                     |  1- 3 |  4- 6 |  7- 9 || total
---------------------------+-------+-------+-------++-------
  Melee: Mace              |    11 |       |       ||    11
   Fire: Shortbow          |    74 |   142 |     7 ||   223
    Use: Scroll            |     1 |     3 |       ||     4
 Armour: Leather armour    |    22 |    28 |     3 ||    53
  Dodge: Dodged            |    40 |    54 |     5 ||    99
  Block: Other             |     4 |       |       ||     4

Table legend: (Time is in decaauts)
 A = Elapsed time spent in this place.
 B = Non-inter-level travel time spent in this place.
 C = Inter-level travel time spent in this place.
 D = Time resting spent in this place.
 E = Time spent auto-exploring this place.
 F = Levels seen in this place.
 G = Mean time per level.
                   A        B        C        D        E       F      G
               +--------+--------+--------+--------+--------+-----+--------+
         Total |   4058 |   3636 |    422 |      0 |   3160 |   5 |  811.6 |
       Dungeon |   4058 |   3636 |    422 |      0 |   3160 |   5 |  811.6 |
               +--------+--------+--------+--------+--------+-----+--------+

Top non-repeatable levels by time:
     D:2: 1124 daAuts
     D:1: 958 daAuts
     D:3: 862 daAuts
     D:4: 831 daAuts
     D:5: 281 daAuts
